Map: Submarine LE

Players

Antlears - Winner!

  • Race: Protoss Protoss
  • Spawn Location: 11:00

NIRVANA

  • Race: Terran Terran
  • Spawn Location: 5:00

VOD

Have the link to the VOD?

Description

Time

  • Played on: March 21, 2021, 12:31 a.m.
  • Length: 8:15
Show
View Real Time Build Order
Export as new Build Order

Antlears Protoss - Winner!

Build Orders:  

Get SALT Encoding   

  12  0:01  Probe  
  13  0:13  Probe  
  14  0:20  Pylon  
  14  0:27  Probe  
  15  0:40  Probe (Chrono Boost)  
  16  0:44  Gateway  
  16  0:46  Assimilator  
  16  0:52  Probe (Chrono Boost)  
  17  0:57  Probe (Chrono Boost)  
  17  1:02  Assimilator  
  18  1:08  Probe  
  19  1:20  Probe  
  20  1:32  Probe  
  21  1:35  Cybernetics Core  
  21  1:44  Probe  
  22  1:56  Probe  
  22  1:57  Pylon  
  23  2:14  Warp Gate (Chrono Boost)  
  23  2:15  Probe  
  23  2:16  Nexus  
  24  2:28  Probe  
  25  2:39  Robotics Facility  
  25  2:40  Probe  
  26  2:44  Pylon  
  26  2:52  Probe  
  27  2:58  Adept  
  27  3:04  Probe  
  30  3:16  Probe  
  31  3:23  Twilight Council  
  31  3:28  Probe (Chrono Boost)  
  31  3:31  Observer  
  33  3:37  Probe (Chrono Boost)  
  35  3:46  Probe (Chrono Boost)  
  36  3:48  Probe (Chrono Boost)  
  36  3:52  Observer  
  36  3:53  Probe x2 (Chrono Boost)  
  39  4:10  Immortal  
  43  4:24  Probe  
  43  4:26  Pylon  
  44  4:33  Probe  
  44  4:36  Probe  
  46  4:39  Adept  
  46  4:45  Probe  
  49  4:49  Probe  
  49  4:50  Gateway  
  49  4:51  Gateway  
  50  4:57  Probe  
  51  5:01  Charge (Chrono Boost), Probe  
  52  5:09  Probe  
  53  5:21  Pylon  
  53  5:25  Pylon  
  53  5:31  Assimilator  
  53  5:36  Assimilator  
  53  5:38  Adept  
  55  5:48  Adept x2  
  59  6:00  Forge  
  59  6:04  Gateway x2  
  59  6:07  Gateway  
  59  6:09  Gateway  
  59  6:11  Gateway  
  59  6:16  Observer  
  59  6:17  Zealot x3  
  65  6:21  Immortal  
  69  6:33  Resonating Glaives  
  69  7:26  Pylon  
  69  7:37  Probe  
  69  7:43  Probe  
  69  7:49  Probe  
  70  7:55  Probe  
  69  8:01  Probe  
Show
View Real Time Build Order
Export as new Build Order

NIRVANA Terran 

Build Orders:  

Get SALT Encoding   

  12  0:01  SCV  
  13  0:13  SCV  
  14  0:18  Supply Depot  
  14  0:25  Refinery  
  14  0:28  SCV  
  15  0:46  Barracks  
  16  0:50  SCV  
  16  1:02  SCV  
  17  1:11  Barracks  
  17  1:14  SCV  
  18  1:18  Supply Depot  
  18  1:26  SCV  
  19  1:38  SCV  
  20  1:51  Refinery  
  20  1:54  Barracks Tech Lab  
  21  2:20  Barracks Reactor  
  20  2:27  Orbital Command  
  20  2:36  Marine  
  21  2:53  Marine  
  21  2:55  Factory, SCV  
  23  3:11  Supply Depot, Marine  
  24  3:13  Marine x2  
  24  3:18  SCV  
  27  3:29  Marine  
  27  3:30  SCV  
  27  3:31  Marine x2  
  31  3:42  SCV  
  31  3:46  Starport, Factory Reactor  
  31  3:47  Marine  
  33  3:49  Marine x2  
  33  3:54  SCV  
  36  4:05  Marine  
  36  4:07  Marine x2  
  39  4:13  Command Center  
  39  4:14  Combat Shield  
  39  4:27  Supply Depot  
  39  4:32  Supply Depot  
  39  4:48  Marine x3  
  42  4:58  Medivac x2  
  46  5:04  Supply Depot  
  46  5:06  Marine x3  
  49  5:22  Factory Tech Lab  
  49  5:24  Refinery  
  49  5:43  Marine x3  
  52  6:06  Medivac  
  54  6:13  SCV  
  56  6:18  SCV  
  56  6:25  SCV  
  57  6:26  Refinery  
  57  6:33  Marine  
  57  6:34  Marine x2  
  59  6:51  Marine  
  59  6:52  Marine x2  
  51  7:09  Marine x3  
  49  7:26  SCV  
  49  7:27  Marine x3  
  53  7:38  SCV  
  54  7:45  Marine x3  
  54  7:50  SCV  
Tags
 
Matchup
PvT
Spawn Locations
Cross Positions
Add a new tag
Caveats
  • Supply blocks, unpowered buildings, or Contaminate may cause inaccurate times.
  • Supply counts are checked every 10 seconds.